 Dungeon Crawl Stone Soup version 0.22.0-49-gab54619 (webtiles) character file.

62 suicidejoker the Shield-Bearer (level 3, -3/34 HPs)
             Began as a Deep Dwarf Fighter on Sept 8, 2018.
             Slain by a gnoll
             ... wielding a +0 flail
              (5 damage)
             ... on level 2 of the Dungeon.
             The game lasted 00:04:34 (481 turns).

suicidejoker the Shield-Bearer (Deep Dwarf Fighter)  Turns: 481, Time: 00:04:35

Health: -3/34      AC:  7    Str: 25    XL:     3   Next: 85%
Magic:  3/3        EV:  7    Int:  8    God:
Gold:   49         SH: 10    Dex: 12    Spells: 2/2 levels left

rFire    . . .     SeeInvis .   a - +0 war axe
rCold    . . .     Gourm    .   c - +0 shield
rNeg     . . .     Faith    .   b - +0 scale mail
rPois    .         Spirit   .   (no helmet)
rElec    .         Reflect  .   (no cloak)
rCorr    .         Harm     .   (no gloves)
MR       .....                  (no boots)
Stlth    ..........             (no amulet)
HPRegen  0.00/turn              (no ring)
MPRegen  0.08/turn              (no ring)

@: mighty, lethally poisoned (-3 -> -3), non-regenerating
A: damage resistance, heal wounds, sense surroundings 1, no regeneration
a: Heal Wounds


You were on level 2 of the Dungeon.
You were not hungry.

You visited 1 branch of the dungeon, and saw 2 of its levels.

You collected 49 gold pieces.

Inventory:

Hand Weapons
 a - a +0 war axe (weapon)
 j - a +2 hunting sling of flaming
 o - a +0 whip of electrocution
Armour
 b - a +0 scale mail (worn)
 c - a +0 shield (worn)
Wands
 n - a wand of flame (23)
Scrolls
 h - a scroll of identify {unknown}
 i - a scroll of fog {unknown}
 k - a scroll of remove curse {unknown}
 l - 2 scrolls of teleportation {unknown}
Potions
 e - a potion of curing {unknown}
 g - 2 potions of heal wounds {unknown}
 m - a potion of haste {unknown}
Comestibles
 f - 4 rations


   Skills:
 * Level 3.3 Fighting
 * Level 3.2 Axes
 + Level 3.7 Armour
 + Level 3.7 Shields


You had 2 spell levels left.
You didn't know any spells.
Your spell library was empty.

Dungeon Overview and Level Annotations

Branches:
Dungeon (2/15)

Altars:


Innate Abilities, Weirdness & Mutations

You are resistant to damage.
You can heal yourself by infusing magical energy.
You passively map a small area around you.
You do not regenerate.


Message History

The gnoll hits you from afar with a spear.
The gnoll hits you with a spear!
Your shield and scale mail prevent you from hitting the gnoll.
The gnoll hits you but does no damage. x2; You block the gnoll's attack.
You slice the gnoll!!
You kill the gnoll!
The gnoll hits you but does no damage. You block the adder's attack.
You miss the adder. The adder bites you.
You are poisoned.
The adder poisons you! The gnoll hits you but does no damage.
The adder bites you but does no damage. The gnoll hits you but does no damage.
You slice the adder!!
You kill the adder!
The gnoll hits you from afar with a spear.
* * * LOW HITPOINT WARNING * * *
The gnoll hits you with a flail!
* * * LOW HITPOINT WARNING * * *
You closely miss the gnoll. You block the gnoll's attack.
The gnoll hits you with a flail.
You die...

, ........## .#
.......?.##.### ,
................,
................ .,
* , ,......g........
.. , , . ,h.Sh###g##
.#.# ... , ...
,#.....†##...#.. ,
...>.######...##..r
, .....$.(@g.....#)#
,
......####g..(...###
,##, , ....#
,........#...# ..,
...
######$...#.#.###. ,
. * ###..#....... ,
#....##.. **
##.##.......
#######...#####...
#.......#.#* * .


You could see 2 gnolls.

Vanquished Creatures
  2 gnolls (D:2)
  An adder (D:2)
  2 worms (D:2)
  A dart slug (D:2)
  A bat (D:1)
  4 giant cockroaches (D:1)
  3 goblins (D:1)
  2 hobgoblins
  2 jackals (D:2)
  A frilled lizard (D:1)
  4 kobolds
  3 rats
26 creatures vanquished.

Notes
Turn   | Place    | Note
-------+----------+-------------------------------------------
     0 | D:1      | suicidejoker the Deep Dwarf Fighter began the quest for the
                  | Orb.
     0 | D:1      | Reached XP level 1. HP: 20/20 MP: 1/1
   137 | D:1      | Reached XP level 2. HP: 22/27 MP: 2/2
   448 | D:2      | Reached XP level 3. HP: 25/34 MP: 3/3
   481 | D:2      | Slain by a gnoll

Skill      XL: |  1  2  3 |
---------------+----------+-----
Fighting       | 3 |  3.3
Axes           | 3 |  3.2
Armour         | |  3.7
Shields        | |  3.7

Action                   || total
-------------------------++-------
Melee: War axe           ||    78
 Abil: Heal Wounds       ||     1
  Use: Potion            ||     1
Armor: Scale mail        ||    32
Dodge: Dodged            ||    24
Block: Shield            ||    51
